 Dungeon Sprint DCSS version 0.29-a0-275-g389c0b56f3 (webtiles) character file.

Game seed: 17250217276206014229

5 Anunax the Scratcher (level 1, -6/10 HPs)
             Began as a Felid Cinder Acolyte on Mar 10, 2022.
             Was a High Priest of Ignis.
             Mangled by a scorpion (7 damage)
             ... in the Dungeon (Sprint IX: "|||||||||||||||||||||||||||||").
             The game lasted 00:00:33 (274 turns).

Anunax the Scratcher (Felid Cinder Acolyte)          Turns: 274, Time: 00:00:34

Health: -6/10      AC:  1    Str: 10    XL:     1   Next: 66%
Magic:  3/3        EV: 15    Int: 15    God:    Ignis [*****.]
Gold:   0          SH:  0    Dex: 11    Spells: 2/2 levels left
                                        Lives:  0   Deaths: 0

rFire   + . .      SeeInvis +     - Unarmed
rCold   . . .      Faith    .   (shield unavailable)
rNeg    . . .      Spirit   .   (body armour unavailable)
rPois   .          Reflect  .   (helmet unavailable)
rElec   .          Harm     .   (cloak unavailable)
rCorr   .          Rampage  .   (gloves unavailable)
Will    .....      NoTele   +   (boots unavailable)
Stlth   +.........              (no amulet)
HPRegen 0.03/turn               (no ring)
MPRegen 0.08/turn               (no ring)

@: lethally poisoned (-6 -> -20), quick
A: very small, claws 1, fangs 3, see invisible, speed 1, shaggy fur 1, stealthy
paws, no weapons or thrown items, no armour, multi-lived
a: Renounce Religion, Fiery Armour, Foxfire Swarm, Rising Flame


You were in the Dungeon.
You worshipped Ignis.
Ignis was extremely pleased with you.
You visited 1 branch

Inventory:

Scrolls
 f - a scroll of blinking
Potions
 a - a potion of curing
 b - a potion of heal wounds
 c - a potion of haste
 d - 2 potions of magic
 e - a potion of berserk rage


   Skills:
 + Level 3.2 Fighting
 + Level 3.8 Unarmed Combat
 + Level 1.0 Spellcasting
 + Level 3.3 Fire Magic


You had 2 spell levels left.
You didn't know any spells.
Your spell library contained the following spells:

 Spells                   Type           Power      Damage    Failure   Level
 Scorch                   Fire           20%        2d6       10%         2


Dungeon Overview and Level Annotations

Branches:
Dungeon (1/1)

Altars:


Innate Abilities, Weirdness & Mutations

You have sharp claws.
You have razor-sharp teeth.
You have supernaturally acute eyesight. (SInv)
You cover ground quickly. (Speed+)
You are covered in fur. (AC +1)
Your paws help you pounce on unaware monsters.
You are incapable of wielding weapons or throwing items.
You cannot wear armour.
You gain extra lives every three experience levels.


Message History

Press: ? - help, Dir - look around, f - activate Flames leap up around you!
The kobold hits you with a +0 short sword.
You barely miss the kobold. You bite the kobold.
The kobold is moderately wounded.
The foxfire hits the goblin.
The goblin is moderately wounded.
The kobold misses you.
You scratch the kobold.
You kill the kobold!
You miss the goblin.
The goblin is moderately wounded.
The goblin hits you with a +0 dagger.
You scratch the goblin.
You kill the goblin!
The giant cockroach bites you but does no damage.
You barely miss the giant cockroach. The giant cockroach barely misses you.
You claw the giant cockroach!
You kill the giant cockroach!
You barely miss the rat. The rat bites you.
You scratch the rat.
You kill the rat!
There is an open door to the Dungeon, spattered with blood here.
Items here: ( )) †††.
Okay, then.
You start resting.
HP restored.
You start waiting.
Done waiting.
You open the door.
An ogre, a hound, an ice beast, an orc and a scorpion come into view.
The ogre shouts!
The hound barks!
The orc shouts!
The scorpion stings you!
Ouch! That really hurt!
* * * LOW HITPOINT WARNING * * *
You are lethally poisoned!
The scorpion poisons you! The scorpion attacks as you move away!
The scorpion stings you!
Ouch! That really hurt!
You die... ▓▓▓▓▓▓▓▓▓▓▓▓▓▓▓▓▓▓ +O.hYos@....)...<▓ ▓▓▓▓▓▓▓▓▓▓▓▓▓▓▓▓▓▓

You could see an ice beast, an ogre, a scorpion, a hound and an orc.

Vanquished Creatures
  A giant cockroach (D)
  A goblin (D)
  A hobgoblin (D)
  A kobold (D)
  A rat (D)
5 creatures vanquished.

Vanquished Creatures (others)
  A foxfire (D)
1 creature vanquished.

Grand Total: 6 creatures vanquished

Notes
Turn   | Place    | Note
-------+----------+-------------------------------------------
     0 | D        | Anunax the Felid Cinder Acolyte began the quest for the
                  | Orb.
     0 | D        | Reached XP level 1. HP: 10/10 MP: 3/3
   273 | D        | Noticed an ogre
   273 | D        | Noticed a hound
   273 | D        | Noticed an ice beast
   273 | D        | Noticed a scorpion
   274 | D        | Mangled by a scorpion

Illustrated notes

Levels and vault maps discovered:
D:        linesprint [early_d, line_temple, items_1, d_10, items_2, lair_1,
          lair_end, items_3, orc_1, orc_end, items_4, d_15, swamp_1, shoals_1,
          snake_1, spider_1, d_20, vaults_1, items_5, swamp_end, shoals_end,
          snake_end, spider_end, vaults_end, d_27, items_6, zot_1, zot_end,
          crypt_end, forest_end, elf_end, slime_end, tomb_end, abyss_end,
          pan_hell_end]

Skill      XL: |  1 |
---------------+----+-----
Fire Magic     | 3 |  3.3
Fighting       | |  3.2
Unarmed Combat | |  3.8
Spellcasting   | |  1.0

Action                   || total
-------------------------++-------
Melee: Unarmed           ||     8
       Bite              ||     1
Invok: Foxfire Swarm     ||     2
Armor: Skin              ||     1
Dodge: Dodged            ||     3

Table legend: (Time is in decaauts)
 A = Elapsed time spent in this place.
 B = Non-inter-level travel time spent in this place.
 C = Inter-level travel time spent in this place.
 D = Time resting spent in this place.
 E = Time spent auto-exploring this place.
 F = Levels seen in this place.
 G = Mean time per level.
                   A        B        C        D        E       F      G
               +--------+--------+--------+--------+--------+-----+--------+
         Total |    271 |    271 |      0 |    253 |      0 |   1 |  271.0 |
       Dungeon |    271 |    271 |      0 |    253 |      0 |   1 |  271.0 |
               +--------+--------+--------+--------+--------+-----+--------+

Top non-repeatable levels by time:
       D: 271 daAuts
